 Dungeon Crawl Stone Soup version 0.28.0 (webtiles) character file.

Game seed: 4563754181031957806

6410 AmazingTV the Protected (level 10, -7/90 HPs)
             Began as a Minotaur Fighter on July 14, 2022.
             Was a High Priest of Okawaru.
             Mangled by an enormous slime creature (21 damage)
             ... on level 9 of the Dungeon.
             The game lasted 00:34:52 (9821 turns).

AmazingTV the Protected (Minotaur Fighter)          Turns: 9821, Time: 00:34:53

Health: -7/90      AC: 12    Str: 22    XL:     10   Next: 66%
Magic:  11/11      EV: 13    Int: 11    God:    Okawaru [*****.]
Gold:   261        SH: 10    Dex: 10    Spells: 9/9 levels left

rFire   . . .      SeeInvis .   b - +9 spear of Harailety {flame, +Blink rElec Str-3 Int+6, polearm}
rCold   . . .      Faith    .   c - +0 buckler
rNeg    . . .      Spirit   .   p - +0 scale mail
rPois   .          Reflect  +   (helmet restricted)
rElec   +          Harm     .   i - +0 cloak
rCorr   .          Rampage  .   L - +0 pair of gloves
Will    +....                   f - +0 pair of boots
Stlth   ..........              v - amulet of reflection
HPRegen 0.25/turn               h - ring of willpower
MPRegen 0.12/turn               T - +4 ring of evasion

@: no status effects
A: horns 2, retaliatory headbutt
a: Renounce Religion, Evoke Blink, Heroism, Finesse, Duel


You were on level 9 of the Dungeon.
You worshipped Okawaru.
Okawaru was extremely pleased with you.
You visited 2 branches of the dungeon, and saw 10 of its levels.
You also visited: Ossuary.

You collected 421 gold pieces.
You spent 160 gold pieces at shops.


Innate Abilities, Weirdness & Mutations

You have a pair of horns on your head.
You reflexively headbutt those who attack you in melee.


   Skills:
 + Level 8.6 Fighting
 + Level 3.0(7.5) Axes
 + Level 8.1(8.3) Maces & Flails
 + Level 7.1(7.4) Polearms
 + Level 6.9 Slings
 + Level 8.8 Armour
 - Level 8.0 Shields
 + Level 3.9 Invocations


You had 9 spell levels left.
You didn't know any spells.
Your spell library contained the following spells:

 Spells                   Type           Power      Damage    Failure   Level
 Pain                     Necr           0%         1d4       69%         1
 Ensorcelled Hibernation  Hex/Ice        0%         N/A       83%         2
 Passwall                 Tmut/Erth      0%         N/A       83%         2
 Confusing Touch          Hex            0%         N/A       96%         3
 Conjure Flame            Conj/Fire      0%         6-21      96%         3
 Ignite Poison            Fire/Tmut/Pois 0%         N/A       96%         3
 Swiftness                Air            0%         N/A       96%         3
 Vampiric Draining        Necr           0%         2d6       96%         3
 Sticky Flame             Conj/Fire      0%         2d3       100%        4
 Yara's Violent Unravell  Hex/Tmut       0%         3d3       100%        5
 Enfeeble                 Hex            0%         N/A       100%        7
 Animate Skeleton         Necr           Unusable   N/A       N/A         1

Inventory:

Hand Weapons
 a - a +0 flail {mace}
 b - the +9 spear of Harailety (weapon) {flame, +Blink rElec Str-3 Int+6, polearm}
   (You found it on level 2 of the Dungeon)

   It burns those it strikes, dealing additional fire damage.
   Str:       It affects your strength (-3).
   Int:       It affects your intelligence (+6).
   rElec:     It insulates you from electricity.
   +Blink:    It lets you blink.
 X - a +0 hand crossbow {crossbow}
   (You found it on level 8 of the Dungeon)
 Y - a +1 spear of venom {polearm}
   (You took it off a gnoll sergeant on level 9 of the Dungeon)
Missiles
 e - 226 stones
 m - 107 arrows
 y - 19 sling bullets
 A - 6 boomerangs (quivered)
 B - 3 boomerangs of dispersal {=f!f}
 E - 53 bolts
 G - 3 throwing nets {=f!f}
 M - 31 poisoned darts
Armour
 c - a +0 buckler (worn)
 f - a +0 pair of boots (worn)
   (You found it on level 1 of the Dungeon)
 i - a +0 cloak (worn)
   (You found it on level 1 of the Dungeon)
 p - a +0 scale mail (worn)
 L - a +0 pair of gloves (worn)
   (You found it on level 4 of the Dungeon)
Jewellery
 h - a ring of willpower (left hand)
   (You found it on level 1 of the Dungeon)
 r - a +6 ring of intelligence
   (You took it off a goblin on level 2 of the Dungeon)
 v - an amulet of reflection (around neck)
   (You found it on level 6 of the Dungeon)
 Q - a ring of protection from fire
   (You found it on level 7 of the Dungeon)
 T - a +4 ring of evasion (right hand)
   (You found it on level 8 of the Dungeon)
Wands
 w - a wand of polymorph (27)
   (You found it on level 6 of the Dungeon)
 C - a wand of flame (19)
   (You took it off Ijyb on level 5 of the Dungeon)
 V - a wand of paralysis (5)
   (You found it on level 8 of the Dungeon)
 W - a wand of acid (10)
   (You found it on level 8 of the Dungeon)
Scrolls
 g - 3 scrolls of enchant armour {unknown}
 j - 9 scrolls of identify {@r1}
 k - 4 scrolls of fog {unknown}
 l - 4 scrolls of magic mapping {unknown}
 q - 5 scrolls of teleportation {@r4}
 u - a scroll of holy word {unknown}
 x - 2 scrolls of silence {unknown}
 H - 2 scrolls of summoning {unknown}
 I - a scroll of amnesia {unknown}
 J - 2 scrolls of enchant weapon {unknown}
 O - 2 scrolls of brand weapon {unknown}
 S - a scroll of immolation {unknown}
 U - a scroll of vulnerability {unknown}
Potions
 d - 3 potions of might
 n - 6 potions of heal wounds {@q2}
 o - a potion of degeneration {unknown}
 s - 4 potions of brilliance
 t - 3 potions of lignification {unknown}
 z - a potion of resistance
 D - 7 potions of curing {@q1}
 F - 4 potions of mutation {unknown}
 K - 2 potions of cancellation {unknown}
 N - a potion of flight {unknown}
 P - a potion of attraction {!q}
 R - a potion of haste {unknown}

Dungeon Overview and Level Annotations

Branches:
Dungeon (9/15)             Temple (1/1) D:5         Ossuary (visited)
   Lair: D:8-11         Orc: D:9-12

Altars:
Ashenzari
Cheibriados
Dithmenos
Elyvilon
Fedhas
Gozag
Hepliaklqana
Kikubaaqudgha
Makhleb
Nemelex Xobeh
Okawaru
Qazlal
Ru
Sif Muna
Trog
Uskayaw
Vehumet
Wu Jian
Xom
Yredelemnul
Zin
The Shining One

Shops:
D:1

! #.............#
#.....#
#.)...........#
#.....#
#.)...........#
#.....'
#.............#
#.....#
#.............#
#...#.#
+....#.........#####
#.....#
#....#.........#
+.....#
#....#.......#.#
#.y..y#
#....#......@#.#
#..##.#
#....#.....cJ#.# #..
#.# #....#.......#c#
#. ..#
#....#....KK.#.# #.
..# #....'.....).#.#
##...#.........#
#...####'######
#...##..).).....
######..........


You could see an enormous slime creature, a centaur and 2 kobolds.


Message History

There is an open door here.
You reach to attack!
You puncture the kobold! You burn the kobold.
You kill the kobold!
A kobold comes into view. It is wielding a +0 dagger.
You throw a boomerang. The kobold shouts!
The boomerang hits the centaur zombie.
You hear a shout! x2
Two slime creatures merge to form a large slime creature.
You reach to attack!
You puncture the kobold! You burn the kobold.
You kill the kobold!
Okawaru accepts your kill.
A kobold comes into view. It is wielding a +0 club.
You reach to attack!
You puncture the centaur zombie! You burn the centaur zombie.
You hit the centaur zombie. You burn the centaur zombie.
Your headbutt misses the centaur zombie.
The centaur zombie misses you. You furiously retaliate!
You headbutt the centaur zombie. You block the centaur zombie's attack.
You puncture the centaur zombie! You burn the centaur zombie.
You hit the slime creature but do no damage.
You headbutt the slime creature! You puncture the slime creature!
You burn the slime creature.
A slime creature comes into view.
You hit the centaur zombie but do no damage.
You block the slime creature's attack. You block the centaur zombie's attack.
The centaur zombie kicks you but does no damage.
You hit the centaur zombie. You burn the centaur zombie.
You destroy the centaur zombie!
Okawaru accepts your kill. The slime creature hits you.
Your base Axes skill increases to level 3! 😕 HP[-1]
You take 1 damage, and now have 89/90 hp.
You hit the slime creature. You burn the slime creature.
The slime creature hits you!
The kobold hits you with a +0 dagger. 😕 HP[-18]
You take 18 damage, and now have 71/90 hp.
You hit the slime creature. You burn the slime creature.
The kobold barely misses you. You furiously retaliate!
You headbutt the kobold!
You kill the kobold!
You block the slime creature's attack. 😕 HP[+1] Reach: b) +9 spear of Harailety {flame, +Blink rElec Str-3 Int+6, polearm}
Press: ? - help, Dir - move target, f - kobold brigand
Aim: a kobold brigand, wielding a +0 dagger and quivering poisoned darts (about 31% to evade the +9 spear of Harailety)
You reach to attack!
You hit the kobold brigand but do no damage.
You puncture the kobold brigand! You burn the kobold brigand.
You headbutt the kobold brigand. The slime creature barely misses you.
A kobold comes into view. It is wielding a +0 whip.
You block the kobold brigand's attack.
Two slime creatures merge to form a large slime creature.
You closely miss the kobold brigand. You headbutt the kobold brigand.
You hit the kobold brigand. You burn the kobold brigand.
You kill the kobold brigand!
Okawaru accepts your kill.
You puncture the large slime creature! You burn the large slime creature.
You puncture the large slime creature! You burn the large slime creature.
You headbutt the large slime creature.
The large slime creature closely misses you. 😕 HP[+1]
You hit the large slime creature. You burn the large slime creature.
The kobold barely misses you. You furiously retaliate!
You headbutt the kobold, but do no damage.
The large slime creature hits you. 😕 HP[-3]
You take 3 damage, and now have 70/90 hp.
You puncture the large slime creature! You burn the large slime creature.
You headbutt the large slime creature. You block the kobold's attack.
Two slime creatures merge to form a very large slime creature.
You puncture the very large slime creature!
You burn the very large slime creature.
You headbutt the very large slime creature.
The kobold hits you but does no damage.
You hit the very large slime creature. You burn the very large slime creature.
Two slime creatures merge to form an enormous slime creature.
You block the kobold's attack. x2 😕 HP[+1]
You puncture the kobold! You burn the kobold.
You kill the kobold!
Two slime creatures merge to form an enormous slime creature. 😕 HP[+1]
A centaur comes into view.
The centaur shouts!
The enormous slime creature hits you!!!
Ouch! That really hurt!
* * * LOW HITPOINT WARNING * * *
😱 HP[-59]
You take 59 damage, and now have 13/90 hp.
MASSIVE DAMAGE!! (PAUSE)
The centaur wields a +0 shortbow.
The centaur shoots an arrow.
The arrow barely misses you. 😱 HP[+1]
The kobold throws a stone.
You reflect the stone off an invisible shield around you!
The stone closely misses the kobold.
The stone hits the kobold but does no damage.
The enormous slime creature hits you!!
You die...

Skill      XL: |  1  2  3  4  5  6  7  8  9 10 |
---------------+-------------------------------+-----
Slings         | 1 2 3 4 5 6 |  6.9
Fighting       | 4 5 6 7 8 |  8.6
Maces & Flails | 3 4 5 6 7 8 |  8.1
Armour         | 4 5 6 8 |  8.8
Shields        | 4 5 6 7 8 |  8.0
Polearms       | 1 2 3 4 6 7 |  7.1
Invocations    | 2 3 |  3.9
Axes           | 3 |  3.0

Action                   |  1- 3 |  4- 6 |  7- 9 | 10-12 || total
-------------------------+-------+-------+-------+-------++-------
Melee: Flail             |    71 |    56 |       |       ||   127
       Headbutt          |     8 |    14 |    43 |    15 ||    80
       Spear             |       |    38 |   347 |   119 ||   504
Throw: Stone             |     4 |       |       |       ||     4
       Boomerang         |       |       |    18 |    16 ||    34
       Dart              |       |       |     4 |     5 ||     9
Invok: Heroism           |       |       |     3 |     2 ||     5
  Use: Scroll            |       |       |     2 |       ||     2
Armor: Scale mail        |    23 |    36 |    67 |    18 ||   144
Dodge: Dodged            |    38 |    36 |    63 |    43 ||   180
Block: Buckler           |    23 |    26 |   100 |    49 ||   198
       Reflection        |       |       |     5 |     1 ||     6

Levels and vault maps discovered:
D:1:      matt_arrival_los_fun, layout_loops_ring, serial_shops,
          nicolae_shop_statue_plus, chequers_serial_rivers_small_a,
          amcnicky_mini_rare_corridor_liquid
D:2:      layout_rooms, uniq_jessica, uniq_natasha, uniq_robin
D:3:      layout_loops_ring
D:4:      layout_cave_pools, enter_ossuary_3
D:5:      layout_rooms, minmay_temple_entry_mini_moons, bh_walls_and_bars,
          uniq_ijyb, uniq_crazy_yiuf_cottage
D:6:      layout_loops_ring
D:7:      cheibrodos_fzero, layout_cave_pods
D:8:      layout_gridville, uniq_prince_ribbit1
D:9:      layout_stronghold, lemuel_tele_altar
Temple:   dpeg_three_leaves_temple

Notes
Turn   | Place    | Note
-------+----------+-------------------------------------------
     0 | D:1      | AmazingTV the Minotaur Fighter began the quest for the Orb.
     0 | D:1      | Reached XP level 1. HP: 19/19 MP: 0/0
     0 | D:1      | magus.rc [v1.9.6]
   191 | D:1      | Reached XP level 2. HP: 27/27 MP: 1/1
   307 | D:1      | Found Noaqubilul's Distillery.
   562 | D:1      | Reached skill level 1 in Slings
   747 | D:1      | You add the spells Conjure Flame, Ignite Poison and Sticky
                  | Flame to your library.
  1070 | D:2      | Noticed Jessica
  1078 | D:2      | Killed Jessica
  1079 | D:2      | Reached skill level 4 in Fighting
  1079 | D:2      | Reached skill level 3 in Maces & Flails
  1079 | D:2      | Reached skill level 4 in Armour
  1079 | D:2      | Reached skill level 4 in Shields
  1079 | D:2      | Reached XP level 3. HP: 30/33 MP: 2/2
  1281 | D:2      | Reached XP level 4. HP: 32/40 MP: 3/3
  1486 | D:2      | Noticed Robin
  1493 | D:2      | Noticed Natasha
  1527 | D:2      | Killed Natasha
  1528 | D:2      | Reached skill level 2 in Slings
  1533 | D:2      | HP: 7/41 [Robin (4)]
  1534 | D:2      | HP: 3/41 [Robin (4)]
  1536 | D:2      | Killed Robin
  1537 | D:2      | Reached XP level 5. HP: 4/47 MP: 4/4
  1864 | D:2      | Identified the +9 spear of Harailety {flame, +Blink rElec
                  | Str-3 Int+6}
  1927 | D:2      | You pick up a book of Necromancy and begin reading...
  1927 | D:2      | You add the spells Pain, Animate Skeleton and Vampiric
                  | Draining to your library.
  1957 | D:2      | Noticed Natasha
  1962 | D:2      | Killed Natasha
  2016 | D:2      | Noticed Natasha
  2020 | D:2      | Killed Natasha
  2075 | D:3      | You fall into a shaft and drop 3 floors!
  2114 | D:6      | Reached skill level 1 in Polearms
  2241 | D:6      | Noticed an ogre
  2244 | D:6      | Killed an ogre
  2245 | D:6      | Reached skill level 4 in Maces & Flails
  2245 | D:6      | Reached XP level 6. HP: 55/55 MP: 5/5
  2345 | D:6      | Reached skill level 5 in Shields
  2385 | D:6      | Reached skill level 5 in Fighting
  2385 | D:6      | Reached skill level 2 in Polearms
  2399 | D:6      | Reached skill level 3 in Slings
  2399 | D:6      | Reached skill level 5 in Armour
  2498 | D:6      | Noticed a steam dragon
  2510 | D:6      | Killed a steam dragon
  2511 | D:6      | Reached XP level 7. HP: 49/61 MP: 6/6
  3056 | D:6      | Reached skill level 3 in Polearms
  3228 | D:5      | Entered Level 5 of the Dungeon
  3232 | D:5      | Noticed Ijyb
  3238 | D:5      | Killed Ijyb
  3293 | D:5      | Found a staircase to the Ecumenical Temple.
  3302 | Temple   | Entered the Ecumenical Temple
  3409 | Temple   | Became a worshipper of Warmaster Okawaru
  3469 | D:5      | Noticed a yak
  3472 | D:5      | Reached skill level 5 in Maces & Flails
  3476 | D:5      | Noticed a yak
  3476 | D:5      | Noticed a yak
  3480 | D:5      | Killed a yak
  3481 | D:5      | Reached skill level 4 in Slings
  3481 | D:5      | Reached XP level 8. HP: 70/70 MP: 7/7
  3491 | D:5      | Reached * piety under Okawaru
  3492 | D:5      | Reached skill level 6 in Fighting
  3492 | D:5      | Reached skill level 6 in Armour
  3492 | D:5      | Reached skill level 6 in Shields
  3500 | D:5      | Reached skill level 4 in Polearms
  3716 | D:5      | Found a runed translucent door.
  3717 | D:5      | Noticed Crazy Yiuf
  3822 | D:5      | Reached ** piety under Okawaru
  4005 | D:5      | Killed Crazy Yiuf
  4115 | D:4      | Reached skill level 6 in Maces & Flails
  4251 | D:4      | Reached skill level 5 in Slings
  4256 | D:4      | Found a sand-covered staircase.
  4321 | Ossuary  | Entered an ossuary
  4606 | Ossuary  | Noticed Menkaure
  4612 | Ossuary  | Killed Menkaure
  4613 | Ossuary  | Reached XP level 9. HP: 41/78 MP: 5/8
  5172 | D:3      | Reached skill level 5 in Polearms
  5853 | D:1      | Bought a potion of heal wounds for 50 gold pieces
  5853 | D:1      | Bought a potion of attraction for 30 gold pieces
  5853 | D:1      | Bought a potion of curing for 30 gold pieces
  5853 | D:1      | Bought a potion of heal wounds for 50 gold pieces
  5999 | D:7      | Reached skill level 7 in Armour
  6041 | D:6      | Reached skill level 7 in Fighting
  6041 | D:6      | Reached skill level 7 in Shields
  6085 | D:7      | Reached skill level 1 in Invocations
  6154 | D:7      | You pick up a book of Misfortune and begin reading...
  6154 | D:7      | You add the spells Confusing Touch, Yara's Violent
                  | Unravelling and Enfeeble to your library.
  6435 | D:7      | HP: 19/79 [poisoned by a gnoll sergeant]
  6877 | D:7      | Reached skill level 2 in Invocations
  6959 | D:7      | Reached *** piety under Okawaru
  6960 | D:7      | Reached skill level 7 in Maces & Flails
  7104 | D:7      | Noticed a boulder beetle
  7130 | D:7      | Killed a boulder beetle
  7131 | D:7      | Reached skill level 6 in Polearms
  7131 | D:7      | Reached skill level 6 in Slings
  7376 | D:7      | Reached skill level 8 in Armour
  7609 | D:7      | Reached XP level 10. HP: 88/88 MP: 11/11
  7826 | D:8      | Reached skill level 8 in Fighting
  7882 | D:8      | Reached skill level 8 in Shields
  7882 | D:8      | Reached skill level 3 in Invocations
  8182 | D:8      | Noticed Prince Ribbit
  8190 | D:8      | Killed Prince Ribbit
  8190 | D:8      | Reached **** piety under Okawaru
  8191 | D:8      | Reached skill level 1 in Axes
  8537 | D:8      | Noticed a two-headed ogre
  8544 | D:8      | Killed a two-headed ogre
  8545 | D:8      | Reached skill level 2 in Axes
  8645 | D:8      | Noticed a cyclops
  8665 | D:8      | Killed a cyclops
  8665 | D:8      | Reached ***** piety under Okawaru
  8844 | D:9      | Found an ornate altar of the Wu Jian Council.
  8914 | D:9      | Reached skill level 7 in Polearms
  8924 | D:9      | Reached skill level 8 in Maces & Flails
  9400 | D:9      | You pick up a book of Burglary and begin reading...
  9400 | D:9      | You add the spells Passwall, Ensorcelled Hibernation and
                  | Swiftness to your library.
  9432 | D:9      | HP: 21/90 [poisoned by a gnoll sergeant]
  9437 | D:9      | HP: 16/90 [poisoned by a gnoll sergeant]
  9799 | D:9      | Reached skill level 3 in Axes
  9818 | D:9      | HP: 13/90 [enormous slime creature (59)]
  9821 | D:9      | Mangled by an enormous slime creature

Vanquished Creatures
  A boulder beetle (D:7)
  A two-headed ogre (D:8)
  A cyclops (D:8)
  Prince Ribbit (D:8)
  A wraith (D:7)
  4 yaks (D:5)
  A steam dragon (D:6)
  Menkaure (Ossuary)
  A water moccasin (D:7)
  An ice beast (D:7)
  A sky beast (D:7)
  2 black bears
  A necrophage (D:7)
  5 ogres
  A centaur (D:7)
  A gnoll sergeant (D:9)
  3 kobold brigands
  A scorpion (D:7)
  22 killer bees
  4 wights (D:8)
  A howler monkey (D:7)
  4 centaur zombies
  Crazy Yiuf (D:5)
  3 orc priests
  2 jellies (D:6)
  A centaur skeleton (D:7)
  A bullfrog skeleton (D:7)
  Jessica (D:2)
  2 iguanas (D:6)
  Ijyb (D:5)
  Natasha (thrice) (D:2)
  5 orc wizards
  A hound zombie (D:5)
  3 mummies (Ossuary)
  2 howler monkey zombies
  Robin (D:2)
  11 gnolls
  5 adders
  2 white imps
  An ufetubus (D:6)
  An adder skeleton (D:4)
  A worm (D:2)
  A dart slug (D:3)
  21 orcs
  9 bats
  10 endoplasms
  5 giant cockroaches
  6 gnoll zombies (Ossuary)
  8 hobgoblins
  5 jackals
  A quokka (D:1)
  8 ball pythons
  5 frilled lizards
  A gnoll skeleton (Ossuary)
  16 goblins
  3 goblin skeletons (Ossuary)
  6 goblin zombies (Ossuary)
  5 hobgoblin skeletons (Ossuary)
  2 hobgoblin zombies (Ossuary)
  16 kobolds
  4 kobold skeletons (Ossuary)
  5 kobold zombies (Ossuary)
  6 orc skeletons (Ossuary)
  An orc zombie (Ossuary)
  A rat (D:2)
  6 rat skeletons (Ossuary)
  6 rat zombies
264 creatures vanquished.

Table legend:
 A = Non-vault XP
 B = Vault XP
 C = Vault XP percentage of total XP
 D = Non-vault monster count
 E = Vault monster count
 F = Vault count percentage of total count
                 A         B        C        D         E       F
            +---------+---------+-------+---------+---------+-------
      Total |    7517 |    1641 |  17.9 |     181 |      83 |  31.4
            +---------+---------+-------+---------+---------+-------
        D:1 |      34 |       0 |   0.0 |      22 |       0 |   0.0
        D:2 |     163 |     108 |  39.9 |      26 |      14 |  35.0
        D:3 |     125 |       0 |   0.0 |      18 |       0 |   0.0
        D:4 |     268 |       1 |   0.4 |      19 |       1 |   5.0
        D:5 |    1152 |      80 |   6.5 |      14 |       2 |  12.5
        D:6 |     843 |     188 |  18.2 |      22 |       2 |   8.3
        D:7 |    1836 |     706 |  27.8 |      18 |       9 |  33.3
        D:8 |    2366 |     277 |  10.5 |      23 |       1 |   4.2
        D:9 |     730 |       0 |   0.0 |      19 |       0 |   0.0
    Ossuary |       0 |     281 | 100.0 |       0 |      54 | 100.0
            +---------+---------+-------+---------+---------+-------

Illustrated notes

Table legend:
 A = Kills in this place as a percentage of kills in entire the game.
 B = Kills by you in this place as a percentage of kills by you in the entire game.
 C = Kills by friends in this place as a percentage of kills by friends in the entire game.
 D = Other kills in this place as a percentage of other kills in the entire game.
 E = Experience gained in this place as a percentage of experience gained in the entire game.
 F = Experience gained in this place divided by the number of levels of this place that you have seen.
                   A       B       C       D       E      F
               +-------+-------+-------+-------+-------+----------------------
         Total | 100.0 | 100.0 |   N/A |   N/A | 100.0 | 832.5
       Dungeon |  79.5 |  79.5 |   N/A |   N/A |  96.9 | 986.3
       Ossuary |  20.5 |  20.5 |   N/A |   N/A |   3.1 | 281.0
               +-------+-------+-------+-------+-------+----------------------

Table legend: (Time is in decaauts)
 A = Elapsed time spent in this place.
 B = Non-inter-level travel time spent in this place.
 C = Inter-level travel time spent in this place.
 D = Time resting spent in this place.
 E = Time spent auto-exploring this place.
 F = Levels seen in this place.
 G = Mean time per level.
                   A        B        C        D        E       F      G
               +--------+--------+--------+--------+--------+-----+--------+
         Total |   9795 |   9225 |    570 |   2411 |   5054 |  11 |  890.5 |
       Dungeon |   9187 |   8665 |    522 |   2260 |   4831 |   9 | 1020.8 |
        Temple |    114 |     66 |     48 |      0 |     55 |   1 |  114.0 |
       Ossuary |    493 |    493 |      0 |    151 |    168 |   1 |  493.0 |
               +--------+--------+--------+--------+--------+-----+--------+

Top non-repeatable levels by time:
     D:6: 1557 daAuts
     D:7: 1386 daAuts
     D:1: 1134 daAuts
     D:2: 1096 daAuts
     D:8: 1026 daAuts
     D:9: 978 daAuts
     D:5: 779 daAuts
     D:3: 633 daAuts
     D:4: 595 daAuts
 Ossuary: 493 daAuts
  Temple: 114 daAuts
